 Dungeon Crawl Stone Soup version 0.31.0-11-ge490571c62 (webtiles) character file.

Game seed: 4992649979149973034

65 Chiseanne the Changeling (level 4, 0/64 HPs)
             Began as an Octopode Shapeshifter on Feb 8, 2024.
             Was an Initiate of Gozag.
             Succumbed to an adder's poison
             ... on level 2 of the Dungeon.
             The game lasted 00:01:54 (1349 turns).

Chiseanne the Changeling (Octopode Shapeshifter)    Turns: 1349, Time: 00:01:54

Health: 0/64       AC: 22    Str: 13    XL:     4   Next: 14%
Magic:  4/4        EV:  2    Int: 12    God:    Gozag
Gold:   147        SH:  0    Dex: 13    Spells: 3/3 levels left

rFire   . .          .
                       - Unarmed
rCold   . . .        (no shield)
rNeg    . . .        (helmet currently unavailable)
rPois   +            (no amulet)
rElec   .            (no ring)
rCorr   .            (no ring)
SInv    .            (no ring)
Will    .....        (no ring) Stlth
                     (no ring)
HPRegen 0.30/turn    (no ring)
MPRegen 0.09/turn    (no ring)
                     (no ring)

%: no passive effects
@: berserking, lethally poisoned (0 -> -5), tree-form, very quick
A: stationary, stasis, torment immunity, boosted hp, almost no armour,
(amphibious), 8 rings, (camouflage 1), (gelatinous body 1), (nimble swimmer 1),
(tentacles)
a: Renounce Religion, Potion Petition, Call Merchant, Bribe Branch


You were on level 2 of the Dungeon.
You worshipped Gozag.
Gozag was aware of your devotion.
You were a tree.
You visited 1 branch of the dungeon, and saw 2 of its levels.

You collected 182 gold pieces.
You paid 35 gold pieces to Gozag.

Inventory:

Missiles
 d - 25 stones (quivered)
Armour
 i - an orb of mayhem
Talismans
 b - a beast talisman
 c - a flux talisman
 g - a beast talisman
Wands
 h - a wand of flame (13)
Scrolls
 l - a scroll of revelation {unknown}
 m - a scroll of brand weapon {unknown}
 n - a scroll of immolation {unknown}
 o - a scroll of identify
 p - a scroll of teleportation {unknown}
Potions
 e - 2 potions of mutation
 j - a potion of haste {unknown}
 k - a potion of curing {unknown}


   Skills:
 * Level 2.0 Fighting
 * Level 2.7 Dodging
 * Level 2.5 Stealth
 - Level 3.0 Unarmed Combat
 * Level 3.4 Shapeshifting


You had 3 spell levels left.
You didn't know any spells.
Your spell library contained the following spells:

 Spells                   Type           Power      Damage    Failure   Level
 Hailstorm                Conj/Ice       0%         3d5       69%         3
 Mephitic Cloud           Conj/Alch/Air  0%         N/A       69%         3
 Summon Ice Beast         Ice/Summ       0%         N/A       69%         3
 Swiftness                Air            0%         N/A       69%         3
 Sculpt Simulacrum        Ice/Alch       0%         N/A       100%        6
 Haunt                    Necr/Summ      0%         N/A       100%        7


Dungeon Overview and Level Annotations

Branches:
Dungeon (2/15)

Altars:
Gozag


Innate Abilities, Weirdness & Mutations

You are a tree.
Your roots penetrate the ground, keeping you stationary.
You cannot be teleported.
You are immune to unholy pain and torment.
Your maximum health is greatly increased.
You cannot wear most types of armour.
((You are amphibious.))
You can wear up to eight rings at the same time.
((Your skin changes colour to match your surroundings (Stealth+).))
((Your rubbery body absorbs attacks. (AC +1, EV +1)))
((You are camouflaged when in or above water. (Stealth+)))
((You have tentacles for arms and can constrict up to eight enemies at once.))


Message History

You are too injured to fight recklessly!
You are too injured to fight recklessly!
You are too injured to fight recklessly!
You are too injured to fight recklessly!
You closely miss the adder. Your grab misses the adder.
You feel sick. The adder bites you.
You are lethally poisoned!
The adder poisons you!
You tentacle-slap the adder. Your grab misses the adder.
The adder is lightly wounded.
* * * LOW HITPOINT WARNING * * *
You feel very sick. The adder bites you.
* * * LOW HITPOINT WARNING * * *
You are more poisoned.
The adder poisons you!
Your transformation has ended.
You turn into a tree.
Your roots penetrate the ground.
* * * LOW HITPOINT WARNING * * *
You feel very sick.
The adder bites you but does no damage. x2
You barely miss the adder.
The adder is lightly wounded.
* * * LOW HITPOINT WARNING * * *
You feel very sick. The adder bites you but does no damage.
It was a potion of berserk rage.
A red film seems to cover your vision as you go berserk!
You feel yourself moving faster!
You feel mighty!
* * * LOW HITPOINT WARNING * * *
You feel sick. The adder bites you but does no damage.
You are too berserk!
You miss the adder.
The adder is lightly wounded.
* * * LOW HITPOINT WARNING * * *
You feel sick. The adder bites you but does no damage.
You closely miss the adder.
The adder is lightly wounded.
You die...
Your body crumbles into a pile of gold.

..........................>#
.........#######.#.#...#.#†#
###..#[#.#######.#.#...#.#.#
#.....#.........#.....#....
#.###################.###.##
#.# ...# #.. .##.# .#
#......# #...##.##.##.# .#
###......###..S$#..##.. ..
+#......###$♣..#####
#.[....###$..# #......###.#
#......#'# ##......#
##......## ##......###
##......##.# ##......##..#


You could see an adder.

Vanquished Creatures
  An adder (D:2)
  A dart slug (D:2)
  A ribbon worm (D:2)
  2 bats (D:1)
  8 endoplasms
  3 goblins
  6 hobgoblins
  8 jackals (D:1)
  2 quokkas (D:1)
  5 ball pythons
  A frilled lizard (D:2)
  2 kobolds (D:1)
  6 rats
46 creatures vanquished.

Notes
Turn   | Place    | Note
-------+----------+-------------------------------------------
     0 | D:1      | Chiseanne the Octopode Shapeshifter began the quest for the
                  | Orb.
     0 | D:1      | Reached XP level 1. HP: 13/13 MP: 1/1
   193 | D:1      | Reached XP level 2. HP: 17/18 MP: 2/2
   194 | D:1      | Reached skill level 1 in Stealth
   551 | D:1      | Reached XP level 3. HP: 17/23 MP: 3/3
   933 | D:2      | Found an opulent altar of Gozag.
   953 | D:2      | Became a worshipper of Gozag Ym Sagoz the Greedy
  1057 | D:2      | Got Xigokh's Precepts of Grisly Weather
  1340 | D:2      | Reached XP level 4. HP: 21/29 MP: 4/4
  1346 | D:2      | HP: 2/43 [poisoned by an adder]
  1349 | D:2      | Succumbed to an adder's poison

Illustrated notes

Levels and vault maps discovered:
D:1:      wander_arrival_lonely_grave, layout_basic
D:2:      minmay_razor_zed, layout_basic, basic_altar, kennysheep_doodads,
          nicolae_figureground_sparkle

Skill      XL: |  1  2  3 |
---------------+----------+-----
Stealth        | 1 2 |  2.5
Fighting       | 2 |  2.0
Dodging        | |  2.7
Unarmed Combat | |  3.0
Shapeshifting  | |  3.4

Action                     |  1- 3 |  4- 6 || total
---------------------------+-------+-------++-------
  Melee: Unarmed           |    83 |     8 ||    91
         Constrict         |    20 |     1 ||    21
         Tentacles         |    14 |       ||    14
         Punch             |     5 |       ||     5
    Use: Scroll            |     1 |       ||     1
         Potion            |       |     2 ||     2
   Stab: Sleeping          |    11 |       ||    11
 Armour: Skin              |    31 |    11 ||    42
  Dodge: Dodged            |    53 |     1 ||    54
